 Dungeon Crawl Stone Soup version 0.17-a0-1632-g0af21bd (webtiles) character file.

59170 wvc the Black Belt (level 14, -4/127 HPs)
             Began as a Minotaur Monk on Aug 3, 2015.
             Was the Champion of Ru.
             Slain by a stone giant zombie (18 damage)
             ... on level 2 of the Abyss.
             The game lasted 00:44:30 (20733 turns).

wvc the Black Belt (Minotaur Monk)                 Turns: 20733, Time: 00:44:30

Health: -4/127     AC: 18    Str: 17    XL:     14   Next: 52%
Magic:  13/13      EV: 17    Int:  7    God:    Ru [******]
Gold:   1295       SH: 11    Dex: 17    Spells: 0 memorised, 13 levels left

rFire  . . .     SeeInvis .       - Unarmed
rCold  + . .     Clarity  .     B - +4 scale mail of the Arcane {rC+}
rNeg   . . .     SustAt   .     m - +0 shield
rPois  +         Gourm    .     (helmet restricted)
rElec  .         Spirit   .     f - +0 cloak
rCorr  .         Warding  .     k - +1 pair of gloves
rMut   .         Stasis   .     K - +0 pair of boots
MR     .....                    P - amulet of rage
Stlth  ..........               L - ring of poison resistance
                                u - +2 ring of evasion

@: non-regenerating, diseased, drained, not resistant to hostile enchantments,
extremely unstealthy
A: retaliatory headbutt, horns 2, talons 1, no stealth, inability to use
devices, hated by all, no necromancy magic, no poison magic, no translocations
magic, magic vulnerability 1, disrupted magic 1
a: Draw Out Power, Power Leap, Apocalypse, Renounce Religion


You were on level 2 of the Abyss.
You worshipped Ru.
Ru was exalted by your worship.
You were not hungry.

You visited 2 branches of the dungeon, and saw 17 of its levels.
You visited the Abyss 1 time.
You also visited: Sewer.

You collected 1295 gold pieces.

Inventory:

Armour
 f - a +0 cloak (worn)
 k - a +1 pair of gloves (worn)
 m - a +0 shield (worn)
 B - the +4 scale mail of the Arcane (worn) {rC+}
   (You found it on level 8 of the Lair of Beasts)

   It protects you from cold.
 K - a +0 pair of boots (worn)
 R - the +1 ring mail "Rovumuac" {rF+ Str+2}
   (You found it on level 8 of the Lair of Beasts)

   It affects your strength (+2).
   It protects you from fire.
Magical staves
 C - an uncursed staff of wizardry
Jewellery
 t - an uncursed ring of see invisible {unknown}
 u - a +2 ring of evasion (left hand)
 y - an uncursed ring of wizardry
 L - a ring of poison resistance (right hand)
 P - an amulet of rage (around neck)
Scrolls
 c - a scroll of teleportation
 d - 3 scrolls of enchant armour
 e - a scroll of fear
 i - 5 scrolls of immolation
 l - 4 scrolls of enchant weapon
 q - 2 scrolls of magic mapping
 s - 2 scrolls of fog
 A - 8 scrolls of remove curse
Potions
 a - 2 potions of lignification
 g - 3 potions of flight
 h - a potion of cancellation
 j - 3 potions of resistance
 n - a potion of poison {unknown}
 o - a potion of invisibility
 p - a potion of berserk rage {unknown}
 r - 5 potions of curing
 v - 2 potions of magic
 w - 4 potions of might
 z - a potion of brilliance
 D - 2 potions of haste
 J - a potion of cure mutation {unknown}
 Q - 2 potions of agility {unknown}
Books
 x - a book of the Earth

   Spells                             Type                      Level
   a - Leda's Liquefaction            Hexes/Earth                  4
   b - Bolt of Magma                  Conjuration/Fire/Earth       5
   c - Statue Form                    Transmutation/Earth          6
   d - Iron Shot                      Conjuration/Earth            6
   e - Shatter                        Earth                        9
 E - a book of Unlife

   Spells                             Type                      Level
   a - Recall                         Summoning/Translocation      3
   b - Animate Dead                   Necromancy                   4
   c - Control Undead                 Necromancy                   4
   d - Cigotuvi's Embrace             Necromancy                   5
   e - Death Channel                  Necromancy                   6
   f - Simulacrum                     Ice/Necromancy               6
 N - a book of Transfigurations

   Spells                             Type                      Level
   a - Stoneskin                      Transmutation/Earth          2
   b - Irradiate                      Conjuration/Transmutation    5
   c - Statue Form                    Transmutation/Earth          6
   d - Hydra Form                     Transmutation                6
   e - Dragon Form                    Transmutation                7
Comestibles
 b - 11 bread rations
 F - 3 meat rations
 G - 38 fruits
 M - a beef jerky


   Skills:
 + Level 12.9(12.2) Fighting
 + Level 11.3(10.6) Armour
 + Level 11.1(10.4) Dodging
 + Level 7.9(7.3) Shields
 * Level 18.9(18.1) Unarmed Combat


You had 13 spell levels left.
You didn't know any spells.

Dungeon Overview and Level Annotations

Branches:
Dungeon (9/15)             Temple (0/1) D:5            Lair (8/8) D:9
  Swamp (0/4) Lair:3       Spider (0/4) Lair:3        Slime (0/6) Lair:7
    Orc: D:9-12

Altars:
Cheibriados
Elyvilon
Fedhas
Gozag
Kikubaaqudgha
Makhleb
Qazlal
Ru
Trog
Vehumet
Zin
The Shining One
Jiyva


Innate Abilities, Weirdness & Mutations

You reflexively headbutt those who attack you in melee.
You have a pair of horns on your head.
You cannot be stealthy.
You cannot study or use magical devices.
You are hated by all.
You cannot study or cast Necromancy magic.
You cannot study or cast Poison magic.
You cannot study or cast Translocations magic.
You are slightly vulnerable to magic.
Your casting is slightly disrupted.
You have sharp toenails.


Message History

You feel ill.
You hit the stone giant zombie.
You headbutt the stone giant zombie, but do no damage.
The efreet gestures at you. The bolt of fire hits you!
* * * LOW HITPOINT WARNING * * *
The stone giant zombie hits you but does no damage.
You pummel the stone giant zombie!!
You hear a roar!
The efreet begins to attack, but is stunned by your will!
You feel ill.
You redirect the stone giant zombie's attack!
The stone giant zombie hits itself!
You hit the stone giant zombie but do no damage.
You headbutt the stone giant zombie.
You hit the stone giant zombie but do no damage.
You headbutt the stone giant zombie!
You block the large abomination's attack.
The stone giant zombie hits you!!
You die...

.....§.......#
.§§...§.#.$.....
...§§...§..§§...
.§..X§..§... ....
.!...§..§.§§......
...§.§.R.§#.#..§...
.§..§.ZX.§§..........
..§....@...........§..
§.......#..x.§.. ....
.§..§§##...#..§..x#.....
.§.....§.§.........#....
........§##..§.§§. .....
.....§..#......... .§..§
...§§.§....#.....#. ...§
....§...#§...§.#..$...§.
....§......§.§...... .


You could see an ancient zyme, 2 large abominations, an efreet and a stone giant
zombie.

Vanquished Creatures
  Nessos (Lair:5)
  A lorocyproca (Abyss:1)
  A rakshasa (Abyss:1)
  5 hydras
  Erica (D:8)
  4 death yaks
  An unseen horror (D:8)
  Pikel (D:9)
  A griffon (Lair:3)
  A shining eye (Abyss:1)
  3 worldbinders (Abyss:1)
  19 elephants
  A smoke demon (Abyss:1)
  Joseph (D:7)
  5 black mambas
  17 spiny frogs
  Psyche (D:9)
  A gargoyle (D:8)
  An efreet (D:8)
  4 large abominations (Abyss:1)
  2 ancient zymes (Abyss:1)
  5 fire drakes
  6 komodo dragons
  A polar bear (Lair:5)
  36 blink frogs
  4 raiju (Abyss:1)
  A boulder beetle (Lair:8)
  A spriggan (Lair:1)
  A shadow (Abyss:1)
  A vampire (Abyss:1)
  A wraith (Abyss:1)
  33 yaks
  3 chaos spawn (Abyss:1)
  2 basilisks
  A steam dragon (Lair:8)
  A mottled dragon (D:8)
  15 hippogriffs
  A neqoxec (Abyss:1)
  13 water moccasins
  19 wolves
  A swamp worm (Lair:3)
  2 sky beasts
  9 porcupines
  2 black bears
  An orc warrior (D:9)
  4 slaves (D:9)
  4 ice beasts
  A wasp (Lair:1)
  7 spiders
  3 phantoms
  7 centaurs
  An eye of draining (D:9)
  7 ogres
  18 giant frogs
  21 crocodiles
  A big kobold (D:9)
  2 gnoll sergeants
  A wyvern zombie (D:8)
  5 small abominations (Abyss:1)
  11 killer bees
  3 scorpions
  9 wights
  An electric eel (Lair:2)
  A crimson imp (D:5)
  A centaur zombie (D:8)
  A giant frog zombie (D:6)
  An iron imp (Abyss:1)
  2 jellies
  7 orc priests
  5 hounds
  3 orc wizards
  10 iguanas
  5 sheep (Lair:3)
  9 worker ants
  A hound zombie (D:7)
  9 gnolls
  14 adders
  15 river rats
  2 shadow imps
  An ufetubus (Abyss:1)
  An ooze (D:5)
  An adder skeleton (D:9)
  6 worms
  5 giant geckos
  24 orcs
  10 bats
  7 giant cockroaches
  12 goblins
  13 hobgoblins
  9 jackals
  16 kobolds
  6 quokkas
  2 ball pythons
  A giant gecko zombie (D:6)
  2 giant newts
  A jackal skeleton (D:7)
  A jackal zombie (D:9)
  A quokka skeleton (D:3)
  A quokka zombie (D:6)
  8 rats
  A butterfly (Lair:3)
  A fungus (Lair:2)
  2 plants (Lair:2)
556 creatures vanquished.

Vanquished Creatures (others)
  A komodo dragon (Lair:6)
  A blink frog (Lair:4)
  A wolf (Lair:2)
  A swamp worm (Lair:3)
  A rat (D:6)
  A butterfly (Lair:2)
  11 fungi
  4 plants
21 creatures vanquished.

Grand Total: 577 creatures vanquished

Notes
Turn   | Place    | Note
--------------------------------------------------------------
     0 | D:1      | wvc the Minotaur Monk began the quest for the Orb.
     0 | D:1      | Reached XP level 1. HP: 19/19 MP: 0/0
   193 | D:1      | Reached XP level 2. HP: 27/27 MP: 1/1
   313 | D:1      | Reached skill level 5 in Unarmed Combat
   777 | D:2      | Reached XP level 3. HP: 33/33 MP: 2/2
   937 | D:2      | Found a sacrificial altar of Ru.
   955 | D:2      | Became a worshipper of Ru the Awakened
   969 | D:2      | Gained mutation: You cannot study or cast Poison magic. [Ru sacrifice]
   969 | D:2      | Gained mutation: You cannot study or cast Necromancy magic. [Ru sacrifice]
   969 | D:2      | Gained mutation: You cannot study or cast Translocations magic. [Ru sacrifice]
   969 | D:2      | Acquired Ru's first power
  1015 | D:2      | Found a bloodstained altar of Trog.
  1024 | D:2      | Reached XP level 4. HP: 38/40 MP: 3/3
  1076 | D:2      | Reached skill level 1 in Armour
  1369 | D:3      | Found a burning altar of Makhleb.
  1503 | D:3      | Found a glowing golden altar of the Shining One.
  1647 | D:3      | Reached skill level 6 in Unarmed Combat
  1899 | D:3      | Found a faded altar to an unknown god.
  2076 | D:3      | Reached XP level 5. HP: 37/46 MP: 4/4
  2328 | D:4      | Found a bloodstained altar of Trog.
  2378 | D:4      | Gained mutation: You are hated by all. [Ru sacrifice]
  2378 | D:4      | Acquired Ru's second power
  2578 | D:4      | Noticed an ogre
  2591 | D:4      | Killed an ogre
  2591 | D:4      | Reached XP level 6. HP: 43/53 MP: 5/5
  2614 | D:4      | Reached skill level 7 in Unarmed Combat
  2737 | D:4      | Reached skill level 5 in Dodging
  2759 | D:4      | Noticed a phantom
  2793 | D:4      | Killed a phantom
  2892 | D:4      | Reached XP level 7. HP: 60/60 MP: 6/6
  3050 | D:5      | Entered Level 5 of the Dungeon
  3054 | D:5      | Found a staircase to the Ecumenical Temple.
  3377 | D:5      | Reached skill level 8 in Unarmed Combat
  3571 | D:5      | Reached skill level 5 in Fighting
  3987 | D:6      | Reached XP level 8. HP: 62/68 MP: 7/7
  4039 | D:6      | Reached skill level 9 in Unarmed Combat
  4092 | D:6      | Gained mutation: You cannot be stealthy. [Ru sacrifice]
  4092 | D:6      | Acquired Ru's third power
  4155 | D:6      | Found an opulent altar of Gozag.
  4156 | D:6      | Found a glowing silver altar of Zin.
  4243 | D:6      | Found an ancient bone altar of Kikubaaqudgha.
  4640 | D:6      | Found a blossoming altar of Fedhas.
  4654 | D:6      | Reached skill level 10 in Unarmed Combat
  4679 | D:6      | Found a stormy altar of Qazlal.
  4733 | D:6      | Found a glowing drain.
  4756 | Sewer    | Entered a sewer
  5282 | D:6      | Reached skill level 5 in Armour
  5286 | D:6      | Gained mutation: You have sharp toenails. [mutagenic meat]
  5435 | D:7      | Reached XP level 9. HP: 78/78 MP: 8/8
  5872 | D:7      | Reached skill level 11 in Unarmed Combat
  6430 | D:7      | Noticed Joseph
  6445 | D:7      | Killed Joseph
  6785 | D:7      | Gained mutation: You are slightly vulnerable to magic. [Ru sacrifice]
  6785 | D:7      | Acquired Ru's fourth power
  6882 | D:8      | Reached skill level 12 in Unarmed Combat
  7198 | D:8      | Reached XP level 10. HP: 80/88 MP: 9/9
  7275 | D:8      | Noticed an efreet
  7283 | D:8      | Killed an efreet
  7296 | D:8      | Noticed an unseen horror
  7297 | D:8      | Killed an unseen horror
  7623 | D:8      | Noticed a gargoyle
  7628 | D:8      | Killed a gargoyle
  7872 | D:8      | Noticed Erica
  7888 | D:8      | Killed Erica
  7888 | D:8      | Reached skill level 13 in Unarmed Combat
  8043 | D:9      | Noticed Psyche
  8049 | D:9      | Killed Psyche
  8135 | D:9      | Noticed Pikel
  8159 | D:9      | Killed Pikel
  8226 | D:9      | Found a staircase to the Lair.
  8227 | D:9      | Noticed an elephant
  8244 | D:9      | Killed an elephant
  8662 | D:9      | Found a snail-covered altar of Cheibriados.
  8709 | D:9      | Found a white marble altar of Elyvilon.
  8758 | D:9      | Reached XP level 11. HP: 92/97 MP: 10/10
  8789 | D:9      | Gained mutation: You are clumsy. (Dex -2) [mutagenic meat]
  8790 | D:9      | Lost mutation: You are clumsy. (Dex -2) [mutagenic meat]
  8799 | D:9      | Gained mutation: You cannot study or use magical devices. [Ru sacrifice]
  8799 | D:9      | Acquired Ru's fifth power
  8812 | D:9      | Found a blossoming altar of Fedhas.
  8971 | Lair:1   | Entered Level 1 of the Lair of Beasts
  8986 | Lair:1   | Noticed a spriggan rider
  9000 | Lair:1   | Killed a wasp
  9001 | Lair:1   | Killed a spriggan
  9334 | Lair:1   | Reached skill level 14 in Unarmed Combat
  9660 | Lair:1   | You fall through a shaft!
 10061 | Lair:1   | Reached skill level 10 in Fighting
 10296 | Lair:1   | Found a bloodstained altar of Trog.
 10795 | Lair:2   | Reached skill level 15 in Unarmed Combat
 10795 | Lair:2   | Reached skill level 1 in Shields
 10973 | Lair:2   | Gained mutation: Your casting is slightly disrupted. [Ru sacrifice]
 11017 | Lair:2   | Found a radiant altar of Vehumet.
 11172 | Lair:2   | Reached XP level 12. HP: 43/108 MP: 11/11
 12321 | Lair:3   | Noticed a six-headed hydra
 12339 | Lair:3   | Killed a six-headed hydra
 12699 | Lair:3   | Found a staircase to the Swamp.
 13441 | Lair:3   | Found a hole to the Spider Nest.
 13448 | Lair:3   | Reached skill level 16 in Unarmed Combat
 13885 | Lair:3   | Reached skill level 10 in Armour
 15055 | Lair:5   | Reached XP level 13. HP: 99/116 MP: 12/12
 15060 | Lair:5   | Reached skill level 10 in Dodging
 15368 | Lair:5   | Noticed Nessos
 15379 | Lair:5   | Killed Nessos
 15379 | Lair:5   | Reached skill level 17 in Unarmed Combat
 16688 | Lair:6   | Reached skill level 5 in Shields
 17558 | Lair:7   | Found a viscous altar of Jiyva.
 17558 | Lair:7   | Found a staircase to the Slime Pits.
 17805 | Lair:7   | Reached skill level 18 in Unarmed Combat
 18614 | Lair:8   | Entered Level 8 of the Lair of Beasts
 18636 | Lair:8   | Got a slimy scale mail
 18647 | Lair:8   | Identified the +4 scale mail of the Arcane {rC+} (You found it on level 8 of the Lair of Beasts)
 18844 | Lair:8   | Reached XP level 14. HP: 113/127 MP: 13/13
 19488 | Lair:8   | Got a brightly glowing ring mail
 19499 | Lair:8   | Identified the cursed +1 ring mail "Rovumuac" {rF+ Str+2} (You found it on level 8 of the Lair of Beasts)
 19525 | Lair:8   | Cast into the Abyss (a wizard)
 19538 | Abyss:1  | Found a corrupted altar of Lugonu.
 19656 | Abyss:1  | HP: 5/127 [something (14)]
 19659 | Abyss:1  | HP: 1/127 [something (22)]
 20193 | Abyss:1  | HP: 5/127 [raiju (8)]
 20210 | Abyss:1  | Noticed a tentacled starspawn
 20601 | Abyss:1  | HP: 2/127 [thrashing horror (12)]
 20733 | Abyss:2  | Slain by a stone giant zombie

Vault maps used:
D:1:      dpeg_arrival_tiny_k, serial_forest, infiniplex_forest_clump_small,
          infiniplex_forest_lined_room_2, infiniplex_forest_end_2,
          infiniplex_forest_clump_medium, infiniplex_forest_lined_corner,
          infiniplex_forest_zigzag_1
D:2:      hangedman_ru_absence, bloody_trog
D:3:      nicolae_overflow_hidden_temple, overflow_temple_1_default,
          ecumenical_altar_2, minivault_5
D:4:      old_standard_altar, minivault_27, minivault_14
D:5:      minmay_temple_entry_mist, first_bread, serial_bayou,
          serial_bayou_pond_b, serial_bayou_pond_d, serial_bayou_pond_b,
          serial_bayou_crossing
D:6:      grunt_temple_overflow_forces_of_nature,
          grunt_temple_overflow_gold_and_silver, nicolae_overflow_crystal_walls,
          portal_sewer_entry_b
D:7:      uniq_joseph
D:8:      minmay_tri_box, uniq_erica
D:9:      cheibrodos_worm_habitat, elyvilon_altar_4, david_lair_generic,
          hangedman_tree_tricks, uniq_psyche, uniq_pikel
Lair:1:   basic_altar, grunt_forest_large_clearings, serial_bayou_shore_a
Lair:2:   lemuel_centaur_altar, grunt_megastairs_3, infiniplex_staircase_pool,
          lemuel_fruit_fields, lemuel_fruit_tree, lemuel_fruit_fields
Lair:3:   minmay_swamp_entry_worms, nicolae_spider_entry_tight_spaces,
          minmay_holes, lemuel_fruit_fields
Lair:5:   uniq_nessos
Lair:6:   wad_woods_06, beast_lair_carwin_4
Lair:7:   slime_altar_1
Lair:8:   evil_forest, minmay_lair_drake_nest, serial_bayou_shore_b
Abyss:2:  evilmike_abyss_exit_8, hangedman_decor_lopped, evilmike_abyss_exit_15
Sewer:    sewer_co_scattered_pipes

Action                   |  1- 3 |  4- 6 |  7- 9 | 10-12 | 13-15 || total
-------------------------+-------+-------+-------+-------+-------++-------
Melee: Unarmed           |    78 |   144 |   357 |   706 |   703 ||  1988
Invok: Sacrifice Arcana  |     1 |       |       |       |       ||     1
       Sacrifice Love    |       |     1 |       |       |       ||     1
       Sacrifice Stealth |       |       |     1 |       |       ||     1
       Sacrifice Essence |       |       |     1 |     1 |       ||     2
       Apocalypse        |       |       |       |     1 |     1 ||     2
       Sacrifice Artific |       |       |       |     1 |       ||     1
  Use: Scroll            |     5 |     6 |     8 |    11 |     6 ||    36
       Potion            |       |       |     1 |     2 |     3 ||     6
 Stab: Sleeping          |       |     5 |       |       |       ||     5
       Invisible         |       |       |     3 |     8 |     8 ||    19
       Distracted        |       |       |     1 |     2 |     2 ||     5
       Paralysed         |       |       |       |    13 |    10 ||    23
  Eat: Chunk             |       |     6 |     7 |     4 |     3 ||    20
       Fruit             |       |       |     4 |    30 |    10 ||    44
       Meat ration       |       |       |     1 |       |       ||     1
       Bread ration      |       |       |       |     1 |       ||     1
       Pizza             |       |       |       |       |     1 ||     1
       Beef jerky        |       |       |       |       |     1 ||     1
